 Dungeon Crawl Stone Soup version 0.31-a0-232-gb1c03b2570 (webtiles) character file.

Game seed: 11097163233917730860

308 qw the Shooter (level 6, -3/37 HPs)
             Began as a Gargoyle Hexslinger on July 7, 2023.
             Slain by Dowan
             ... wielding a +0 dagger
              (4 damage)
             ... on level 4 of the Dungeon.
             The game lasted 00:01:23 (2159 turns).

qw the Shooter (Gargoyle Hexslinger)                Turns: 2159, Time: 00:01:23

Health: -3/37      AC:  8    Str: 11    XL:     6   Next: 40%
Magic:  7/7        EV: 11    Int: 14    God:
Gold:   146        SH:  0    Dex: 14    Spells: 6/7 levels left

rFire   . . .        Y - +1 sling
rCold   . . .        (no shield)
rNeg    + . .        h - +0 leather armour
rPois   inf          (no helmet)
rElec   +            (no cloak)
rCorr   .            c - +0 pair of gloves
SInv    .            (no boots)
Will    .....        (no amulet)
Stlth   +            (no ring)
HPRegen 0.26/turn    (no ring)
MPRegen 0.10/turn

%: no passive effects
@: no status effects
A: sickness immunity, AC +4, negative energy resistance 1, electricity
resistance, torment resistance 1, petrification resistance
a: no special abilities


You were on level 4 of the Dungeon.
You visited 1 branch of the dungeon, and saw 4 of its levels.

You collected 146 gold pieces.


Innate Abilities, Weirdness & Mutations

You are immune to sickness and miasma.
Your stone body is resilient. (AC +4)
You are immune to poison.
You resist negative energy. (rN+)
You are resistant to electric shocks. (rElec)
You are resistant to unholy torment.
You are immune to petrification.


   Skills:
 - Level 3.1 Fighting
 + Level 5.9 Ranged Weapons
 - Level 1.5 Dodging
 - Level 1.0 Spellcasting
 - Level 2.6 Hexes


You had 6 spell levels left.
You knew the following spells:

 Your Spells              Type           Power      Damage    Failure   Level
a - Slow                  Hex            32%        N/A       12%         1

Your spell library contained the following spells:

 Spells                   Type           Power      Damage    Failure   Level
 Inner Flame              Hex/Fire       4%         N/A       52%         3
 Portal Projectile        Hex/Tloc       8%         N/A       52%         3
 Cause Fear               Hex            4%         N/A       75%         4

Inventory:

Hand Weapons
 Y - a +1 sling (weapon)
Armour
 c - a +0 pair of gloves (worn)
 h - a +0 leather armour (worn)
Jewellery
 f - a ring of willpower
Scrolls
 a - a scroll of identify
Potions
 b - 2 potions of cancellation
 e - a potion of haste
 g - 3 potions of curing
 k - a potion of invisibility {unknown}

Dungeon Overview and Level Annotations

Branches:
Dungeon (4/15)
 Temple: D:4-7

Altars:

Annotations:
D:4 Dowan


Message History

You shoot a sling bullet. The sling bullet hits Duvessa!
Duvessa is almost dead.
Duvessa hits you but does no damage. The kobold hits you but does no damage.
You shoot a sling bullet. The sling bullet hits Duvessa.
Duvessa is almost dead.
You hear the rusting of a very distant drain.
Duvessa hits you with a +0 short sword!
Dowan says, "My weaknesses are her strengths!"
The kobold barely misses you. The kobold misses you. Duvessa barely misses you.
You shoot a sling bullet.
The sling bullet hits Duvessa but does no damage.
Duvessa is almost dead.
Duvessa hits you but does no damage. The kobold hits you but does no damage.
You shoot a sling bullet. The sling bullet hits Duvessa.
Duvessa is almost dead.
Duvessa hits you with a +0 short sword. The kobold barely misses you.
2153 ||| DRINKING potion of heal wounds.
You feel much better. Duvessa hits you with a +0 short sword!
The kobold hits you but does no damage.
You shoot a sling bullet. The sling bullet hits Duvessa.
You kill Duvessa!
Dowan screams, "No!
No!"
Dowan seems to find hidden reserves of power!
The kobold misses you. Dowan misses you.
You have reached level 6!
You shoot a sling bullet. The sling bullet misses Dowan.
Dowan hits you with a +0 dagger. The kobold hits you but does no damage.
You shoot a sling bullet. The sling bullet barely misses Dowan.
Dowan hits you with a +0 dagger. The kobold barely misses you.
Dowan closely misses you.
You shoot a sling bullet. The sling bullet barely misses Dowan.
Dowan hits you with a +0 dagger. The kobold hits you but does no damage.
Dowan hits you with a +0 dagger.
You shoot a sling bullet. The sling bullet closely misses Dowan.
The kobold hits you but does no damage. Dowan hits you with a +0 dagger.
The kobold hits you but does no damage.
You shoot a sling bullet. The sling bullet hits Dowan.
Dowan is lightly wounded.
Dowan hits you with a +0 dagger.
You die...

#..#.# .......
#..#.# .!.....
#..#.# .......
######..#.# .......
#......<#.# .......
#......##.#
.......###......##.#
......Ke##......##.#
#@##......##.#
#.##.....###.#
###........###.#
#......>...'...#
#..........#####
#.....#######<#
#.....# #.# #.%...#
#.# #.).).# #.#


You could see Dowan (fast) and a kobold.

Vanquished Creatures
  Duvessa (D:4)
  An iguana (D:3)
  3 hound skeletons (D:3)
  3 adders
  5 adder skeletons (D:3)
  A worm (D:2)
  6 dart slugs
  3 orcs
  9 endoplasms
  4 giant cockroaches
  4 goblins
  5 hobgoblins
  6 jackals (D:1)
  3 quokkas
  7 ball pythons
  2 ball python zombies (D:3)
  5 bats
  5 frilled lizards
  A giant cockroach zombie (D:3)
  A jackal skeleton (D:3)
  8 kobolds
  A quokka skeleton (D:3)
  5 rats
89 creatures vanquished.

Notes
Turn   | Place    | Note
-------+----------+-------------------------------------------
     0 | D:1      | qw the Gargoyle Hexslinger began the quest for the Orb.
     0 | D:1      | Reached XP level 1. HP: 12/12 MP: 2/2
     0 | D:1      | 0 ||| qw: Version: 0.3-a-46-gb1f654a
     0 | D:1      | 0 ||| qw: Game counter: 2894
     0 | D:1      | 0 ||| qw: Melee chars always use a shield: true
     0 | D:1      | 0 ||| qw: God list: Okawaru
     0 | D:1      | 0 ||| qw: Allow faded altars: false
     0 | D:1      | 0 ||| qw: Do Orc after clearing Dungeon:15 true
     0 | D:1      | 0 ||| qw: Do second Lair branch before Depths: true
     0 | D:1      | 0 ||| qw: Lair rune preference: random
     0 | D:1      | 0 ||| qw: Goals: Normal
     0 | D:1      | 0 ||| PLANNING D:1-11
    82 | D:1      | Reached XP level 2. HP: 16/16 MP: 3/3
   138 | D:1      | Reached skill level 3 in Ranged Weapons
   219 | D:1      | 219 ||| Stepping ~*~*~tactically~*~*~ (water).
   299 | D:1      | Reached XP level 3. HP: 21/21 MP: 4/4
   625 | D:1      | 625 ||| UPGRADING to +0 leather armour.
   635 | D:1      | 635 ||| DROPPING +0 robe.
   636 | D:1      | 636 ||| READING scroll labelled LOACESCH PISE.
   637 | D:1      | 637 ||| READING scroll labelled SOINAY ERIVVIY.
   638 | D:1      | 638 ||| READING scroll labelled ZIPRIEMIUF.
   639 | D:1      | 639 ||| DROPPING scroll of poison.
   670 | D:2      | 670 ||| FLEEEEING.
   675 | D:2      | 675 ||| STAIRDANCE
   772 | D:2      | Reached XP level 4. HP: 25/26 MP: 5/5
   940 | D:2      | Reached skill level 4 in Ranged Weapons
  1291 | D:2      | 1291 ||| READING scroll labelled SAMOEZONAMN.
  1292 | D:2      | 1292 ||| DRINKING 2 fizzy silvery potions.
  1293 | D:2      | 1293 ||| READING 3 scrolls of identify.
  1293 | D:2      | 1293 ||| IDENTIFYING lumpy white potion
  1294 | D:2      | 1294 ||| READING 2 scrolls of identify.
  1294 | D:2      | 1294 ||| IDENTIFYING puce potion
  1295 | D:2      | 1295 ||| DROPPING potion of magic.
  1345 | D:3      | 1345 ||| STAIRDANCE
  1460 | D:3      | Reached XP level 5. HP: 26/30 MP: 6/6
  1524 | D:3      | Reached skill level 5 in Ranged Weapons
  1892 | D:3      | Reached skill level 3 in Fighting
  1985 | D:3      | 1985 ||| UPGRADING to +0 pair of gloves.
  1990 | D:3      | 1990 ||| READING scroll labelled QOSEUT RUMIPT.
  1991 | D:3      | 1991 ||| READING scroll labelled CUISSI IZXISTO.
  1992 | D:3      | 1992 ||| DRINKING 2 silvery potions.
  1993 | D:3      | 1993 ||| DRINKING 2 glowing ruby potions.
  1994 | D:3      | 1994 ||| READING 2 scrolls of identify.
  1994 | D:3      | 1994 ||| IDENTIFYING lumpy golden potion
  1995 | D:3      | 1995 ||| DROPPING potion of brilliance.
  2005 | D:4      | 2005 ||| PLANNING SEWER
  2136 | D:4      | Noticed Duvessa
  2136 | D:4      | Noticed Dowan
  2152 | D:4      | HP: 6/32 [Duvessa/+0 short sword (4)]
  2153 | D:4      | 2153 ||| DRINKING potion of heal wounds.
  2154 | D:4      | Killed Duvessa
  2155 | D:4      | Reached XP level 6. HP: 17/37 MP: 7/7
  2157 | D:4      | HP: 4/37 [Dowan/+0 dagger (3)]
  2158 | D:4      | HP: 1/37 [Dowan/+0 dagger (3)]
  2159 | D:4      | Slain by Dowan

Levels and vault maps discovered:
D:1:      matt_arrival_grand_opening, layout_basic, serial_bayou_pond_d
D:2:      minmay_spotlight, layout_basic, grunt_ministairs_9,
          kennysheep_generic_room_9
D:3:      layout_basic, serial_undead, serial_undead_a, serial_undead_d,
          serial_undead_a, serial_undead_a
D:4:      layout_basic, serial_glass, glass_columns_c, glass_columns_a,
          portal_sewer_entry_b, serial_shops, nicolae_shop_back_alley_shop,
          uniq_natasha, uniq_duvessa, uniq_ijyb

Skill      XL: |  1  2  3  4  5 |
---------------+----------------+-----
Ranged Weapons | 3 4 5 |  5.9
Fighting       | 2 3 |  3.1
Dodging        | |  1.5
Spellcasting   | |  1.0
Hexes          | |  2.6

Action                     |  1- 3 |  4- 6 || total
---------------------------+-------+-------++-------
   Fire: Sling             |   145 |   211 ||   356
    Use: Scroll            |     3 |     6 ||     9
         Potion            |       |     4 ||     4
 Armour: Robe              |    25 |       ||    25
         Leather armour    |    15 |    51 ||    66
  Dodge: Dodged            |    69 |    60 ||   129

Table legend:
 A = Non-vault XP
 B = Vault XP
 C = Vault XP percentage of total XP
 D = Non-vault monster count
 E = Vault monster count
 F = Vault count percentage of total count
                 A         B        C        D         E       F
            +---------+---------+-------+---------+---------+-------
      Total |     198 |     242 |  55.0 |      69 |      20 |  22.5
            +---------+---------+-------+---------+---------+-------
        D:1 |      54 |       0 |   0.0 |      29 |       0 |   0.0
        D:2 |      53 |       9 |  14.5 |      22 |       6 |  21.4
        D:3 |      82 |      86 |  51.2 |      14 |      13 |  48.1
        D:4 |       9 |     147 |  94.2 |       4 |       1 |  20.0
            +---------+---------+-------+---------+---------+-------
